 Dungeon Crawl Stone Soup version 0.28-a0-1524-ge72afd5fc6 (webtiles) character file.

Game seed: 5392450050803271182

585 knot the Chopper (level 7, 78/78 HPs)
             Began as a Demonspawn Berserker on Jan 18, 2022.
             Was a Believer of Trog.
             Quit the game on level 5 of the Dungeon.
             The game lasted 00:05:39 (3836 turns).

knot the Chopper (Demonspawn Berserker)             Turns: 3836, Time: 00:05:41

Health: 78/78      AC:  6    Str: 17    XL:     7   Next: 15%
Magic:  7/7        EV: 11    Int: 10    God:    Trog [**....]
Gold:   240        SH:  0    Dex: 19    Spells: 6/6 levels left

rFire   . . .      SeeInvis .   a - +0 hand axe
rCold   . . .      Faith    +   (no shield)
rNeg    . . .      Spirit   +   n - +0 ring mail
rPois   .          Reflect  .   (no helmet)
rElec   .          Harm     .   (no cloak)
rCorr   .          Rampage  .   f - +0 pair of gloves
Will    .....                   (no boots)
Stlth   ..........              t - amulet of faith
HPRegen 0.23/turn               g - +6 ring of dexterity
MPRegen 0.20/turn               u - +4 ring of slaying

@: berserking, very quick
A: ignite blood 1, magic shield, magic regeneration, magic link, weakness
stinger 1
a: Renounce Religion, Berserk, Trog's Hand


You were on level 5 of the Dungeon.
You worshipped Trog.
Trog was pleased with you.
You visited 1 branch of the dungeon, and saw 5 of its levels.

You collected 240 gold pieces.

Inventory:

Hand Weapons
 a - a +0 hand axe (weapon)
Missiles
 d - 82 stones
 l - 5 poisoned darts (quivered)
 w - 3 boomerangs
Armour
 f - a +0 pair of gloves (worn)
 n - a +0 ring mail (worn)
Jewellery
 g - a +6 ring of dexterity (left hand)
 k - a ring of resist corrosion
 o - a ring of positive energy
 t - an amulet of faith (around neck)
 u - a +4 ring of slaying (right hand)
Wands
 b - a wand of polymorph (10)
Scrolls
 h - a scroll of brand weapon {unknown}
 i - a scroll of teleportation {unknown}
 j - a scroll of holy word {unknown}
 m - a scroll of fear {unknown}
 s - 2 scrolls of identify {unknown}
Potions
 c - 6 potions of curing
 e - 2 potions of attraction {unknown}
 p - a potion of mutation {unknown}
 q - a potion of invisibility {unknown}
 r - a potion of degeneration {unknown}
 v - 2 potions of heal wounds {unknown}


   Skills:
 - Level 3.0 Fighting
 * Level 6.1 Axes
 * Level 4.1 Throwing
 - Level 1.7 Armour
 - Level 1.7 Dodging


You had 6 spell levels left.
You didn't know any spells.
Your spell library contained the following spells:

 Spells                   Type           Power      Damage    Failure   Level
 Apportation              Tloc           0%         N/A       56%         1
 Alistair's Intoxication  Tmut/Pois      0%         N/A       100%        5


Dungeon Overview and Level Annotations

Branches:
Dungeon (5/15)
 Temple: D:4-7

Altars:


Innate Abilities, Weirdness & Mutations

Your demonic aura sometimes causes spilled blood to erupt in flames.
When hurt, damage is shared between your health and your magic reserves.
You regenerate magic rapidly.
When low on magic, you restore magic in place of health.
You have a small tail.


Message History

Trog accepts your kill.
No target in view!
No target in view!
Magic restored.
HP restored.
You now have 240 gold pieces (gained 12).
Found a hand axe.
A water moccasin comes into view.
Throw: 7 darts (poison)
Press: ? - help, Q - select action, (/) - cycle Shift-Dir - straight line, f - water moccasin
Aim: a water moccasin (asleep, 98% to hit)
You throw a poisoned dart.
The poisoned dart hits the water moccasin!
Throw: 6 darts (poison)
Press: ? - help, Q - select action, (/) - cycle Shift-Dir - straight line, f/p - water moccasin
Aim: a water moccasin (52% to hit)
You throw a poisoned dart.
The poisoned dart hits the water moccasin.
A red film seems to cover your vision as you go berserk!
You feel yourself moving faster!
You feel mighty! The water moccasin barely misses you.
You slice the water moccasin!!
Your tail-slap misses the water moccasin.
The water moccasin is severely wounded.
The water moccasin barely misses you.
You slash the water moccasin!
The water moccasin is almost dead.
The water moccasin misses you.
You miss the water moccasin.
The water moccasin is almost dead.
The water moccasin bites you but does no damage.
You barely miss the water moccasin. You tail-slap the water moccasin.
You kill the water moccasin!
Trog accepts your kill.
Your Axes skill increases to level 6!
Your Throwing skill increases to level 4!
You have reached level 7!
Your demonic ancestry asserts itself...
Your blood heats up.
Are you sure you want to abandon this character and quit the game? (Confirm with "yes".)

#...##..# ##....#
...####.###......#.#
...# #..##........#
..######...........##
.#
#.#......)<.........
.#
....#######........#
..# #####
##........##..#
#####........?..#
##..........@....##
###..###............##
###..<##
#..........#..#.
....###
#.........(..)...
#####
##......).#......
##........#......
#.............(..
#................
#..........######


There were no monsters in sight!

Vanquished Creatures
  A water moccasin (D:5)
  An ice beast (D:5)
  A centaur (D:3)
  A scorpion (D:4)
  A water moccasin skeleton (D:4)
  An orc priest (D:4)
  Ijyb (D:3)
  6 adders
  A shadow imp (D:5)
  A worm (D:4)
  2 dart slugs
  5 orcs
  5 bats
  5 endoplasms
  4 giant cockroaches
  9 goblins
  5 hobgoblins
  5 jackals
  8 ball pythons
  4 frilled lizards (D:3)
  5 kobolds
  2 rats
74 creatures vanquished.

Vanquished Creatures (others)
  A goblin (D:3)
  A fungus (D:2)
  2 plants (D:2)
4 creatures vanquished.

Grand Total: 78 creatures vanquished

Notes
Turn   | Place    | Note
-------+----------+-------------------------------------------
     0 | D:1      | knot the Demonspawn Berserker began the quest for the Orb.
     0 | D:1      | Reached XP level 1. HP: 18/18 MP: 1/1
    60 | D:1      | Reached skill level 3 in Axes
   487 | D:1      | Gained mutation: You regenerate magic rapidly. [demonic
                  | ancestry]
   487 | D:1      | Reached XP level 2. HP: 14/24 MP: 2/2
  1322 | D:2      | Gained mutation: When hurt, damage is shared between your
                  | health and your magic reserves. [demonic ancestry]
  1322 | D:2      | Reached XP level 3. HP: 19/29 MP: 3/3
  1628 | D:2      | Reached skill level 4 in Axes
  1812 | D:2      | Found a faded altar of an unknown god.
  2152 | D:3      | Noticed Ijyb
  2166 | D:3      | Killed Ijyb
  2167 | D:3      | Reached XP level 4. HP: 35/35 MP: 2/4
  2237 | D:3      | Reached skill level 1 in Throwing
  2299 | D:3      | Noticed a centaur
  2306 | D:3      | Killed a centaur
  2307 | D:3      | Gained mutation: When low on magic, you restore magic in
                  | place of health. [demonic ancestry]
  2307 | D:3      | Reached XP level 5. HP: 18/41 MP: 2/5
  2563 | D:3      | Reached skill level 5 in Axes
  2664 | D:3      | Reached ** piety under Trog
  3083 | D:4      | Gained mutation: You have a small tail. [demonic ancestry]
  3083 | D:4      | Reached XP level 6. HP: 39/47 MP: 6/6
  3536 | D:5      | Entered Level 5 of the Dungeon
  3582 | D:5      | Noticed an ice beast
  3592 | D:5      | Killed an ice beast
  3826 | D:5      | Noticed a water moccasin
  3835 | D:5      | Killed a water moccasin
  3836 | D:5      | Reached skill level 6 in Axes
  3836 | D:5      | Gained mutation: Your demonic aura sometimes causes spilled
                  | blood to erupt in flames. [demonic ancestry]
  3836 | D:5      | Reached XP level 7. HP: 52/52 MP: 7/7
  3836 | D:5      | Quit the game

Illustrated notes

Levels and vault maps discovered:
D:1:      dpeg_arrival_fog, layout_basic, kennysheep_nondescript,
          minmay_tetromino_t4
D:2:      layout_rooms, shapermc_ecumenical_altar_mp_urbaneastern,
          roderic_roman_lattice, minmay_door_square, minmay_shallow_snake_nest
D:3:      layout_loops_ring, uniq_ijyb
D:4:      layout_cave_pools
D:5:      layout_rooms, minmay_circle_x

Skill      XL: |  1  2  3  4  5  6 |
---------------+-------------------+-----
Axes           | 3 4 5 6 |  6.1
Throwing       | 2 4 |  4.1
Fighting       | |  3.0
Armour         | |  1.7
Dodging        | |  1.7

Action                   |  1- 3 |  4- 6 |  7- 9 || total
-------------------------+-------+-------+-------++-------
Melee: Hand axe          |    91 |   110 |       ||   201
       Tailslap          |       |     5 |       ||     5
Throw: Dart              |     1 |    44 |       ||    45
       Stone             |       |     1 |       ||     1
Invok: Berserk           |     3 |     3 |       ||     6
       Trog's Hand       |       |     1 |       ||     1
  Use: Potion            |       |     1 |       ||     1
 Stab: Sleeping          |     2 |       |       ||     2
Armor: Animal skin       |    16 |     5 |       ||    21
       Ring mail         |       |    43 |       ||    43
Dodge: Dodged            |    60 |    84 |       ||   144

Table legend: (Time is in decaauts)
 A = Elapsed time spent in this place.
 B = Non-inter-level travel time spent in this place.
 C = Inter-level travel time spent in this place.
 D = Time resting spent in this place.
 E = Time spent auto-exploring this place.
 F = Levels seen in this place.
 G = Mean time per level.
                   A        B        C        D        E       F      G
               +--------+--------+--------+--------+--------+-----+--------+
         Total |   3893 |   3745 |    148 |    978 |   2191 |   5 |  778.6 |
       Dungeon |   3893 |   3745 |    148 |    978 |   2191 |   5 |  778.6 |
               +--------+--------+--------+--------+--------+-----+--------+

Top non-repeatable levels by time:
     D:1: 1277 daAuts
     D:3: 950 daAuts
     D:2: 824 daAuts
     D:4: 533 daAuts
     D:5: 306 daAuts
